 Dungeon Crawl Stone Soup version 0.28-a0-823-gb444dcf96d (webtiles) character file.

Game seed: 5093902388066494770

11684 mcbry74 the Severer (level 11, 0/94 HPs)
             Began as a Hill Orc Fighter on Nov 9, 2021.
             Was an Elder of Okawaru.
             Slain by a skeletal warrior (14 damage)
             ... on level 13 of the Dungeon.
             The game lasted 00:54:57 (13235 turns).

mcbry74 the Severer (Hill Orc Fighter)             Turns: 13235, Time: 00:54:58

Health: 0/94       AC:  7    Str: 23    XL:     11   Next: 81%
Magic:  10/15      EV: 13    Int:  8    God:    Okawaru [****..]
Gold:   246        SH:  5    Dex: 10    Spells: 10/10 levels left

rFire   . . .      SeeInvis .   F - +2 war axe (spect)
rCold   . . .      Faith    .   c - +0 buckler
rNeg    . . .      Spirit   .   L - +0 troll leather armour
rPois   .          Reflect  .   e - +1 helmet
rElec   .          Harm     .   (no cloak)
rCorr   +          Rampage  .   (no gloves)
Will    .....                   (no boots)
Stlth   +.........              (no amulet)
HPRegen 1.25/turn               h - ring of resist corrosion
MPRegen 0.14/turn               (no ring)

@: finesse-ful
A: no striking features
a: Renounce Religion, Heroism, Finesse


You were on level 13 of the Dungeon.
You worshipped Okawaru.
Okawaru was greatly pleased with you.
You visited 3 branches of the dungeon, and saw 15 of its levels.

You collected 381 gold pieces.
You spent 135 gold pieces at shops.

Inventory:

Hand Weapons
 a - a +1 war axe
 u - a +1 vorpal flail
 D - a +1 hand axe of electrocution
 F - a +2 spectral war axe (weapon)
Missiles
 f - 27 poisoned darts (quivered)
 w - 6 boomerangs
 y - 6 curare-tipped darts
 I - 3 datura-tipped darts
Armour
 b - a +0 scale mail
 c - a +0 buckler (worn)
 e - a +1 helmet (worn)
 A - a +0 helmet
 J - a scarf of harm
 L - a +0 troll leather armour (worn)
Jewellery
 h - a ring of resist corrosion (left hand)
 o - a ring of wizardry
Wands
 d - a wand of flame (6)
 g - a wand of polymorph (12)
 m - a wand of acid (11)
 H - a wand of paralysis (5)
 O - a wand of mindburst (14)
Scrolls
 n - 3 scrolls of vulnerability
 q - 2 scrolls of enchant armour
 r - 3 scrolls of fog
 v - 2 scrolls of identify
 z - a scroll of magic mapping
 B - a scroll of torment
 C - a scroll of blinking
 E - 2 scrolls of teleportation
 G - a scroll of amnesia
 N - a scroll of fear
Potions
 i - a potion of lignification
 j - a potion of heal wounds
 k - a potion of might
 l - 6 potions of curing
 p - a potion of invisibility
 s - 2 potions of brilliance
 t - a potion of mutation
 x - a potion of flight
 K - a potion of magic {unknown}
 M - a potion of berserk rage


   Skills:
 + Level 7.9 Fighting
 - Level 16.0 Axes
 + Level 5.2 Throwing
 + Level 7.1 Armour
 + Level 4.7 Dodging
 + Level 7.2 Shields
 + Level 5.6 Invocations


You had 10 spell levels left.
You didn't know any spells.
Your spell library contained the following spells:

 Spells                   Type           Power      Damage    Failure   Level
 Pain                     Necr           0%         1d4       43%         1
 Sublimation of Blood     Necr           0%         N/A       58%         2
 Wereblood                Tmut           0%         N/A       58%         2
 Agony                    Necr           0%         N/A       100%        5
 Excruciating Wounds      Necr           0%         N/A       100%        5
 Fireball                 Conj/Fire      0%         3d3       100%        5
 Freezing Cloud           Conj/Ice/Air   0%         6-21      100%        5
 Iskenderun's Battlesphe  Conj           0%         2d6       100%        5
 Iron Shot                Conj/Erth      0%         9d1       100%        6
 Starburst                Conj/Fire      0%         6d3       100%        6
 Ignition                 Fire           0%         3d3       100%        8
 Polar Vortex             Ice            0%         N/A       100%        9
 Simulacrum               Ice/Necr       Unusable   N/A       N/A         6
 Spellforged Servitor     Conj/Summ      Unusable   N/A       N/A         7
 Summon Hydra             Summ           Unusable   N/A       N/A         7

Dungeon Overview and Level Annotations

Branches:
Dungeon (14/15)            Temple (1/1) D:7            Lair (1/6) D:9
    Orc (0/2) D:10
 Vaults: D:13-14

Altars:
Ashenzari
Cheibriados
Dithmenos
Elyvilon
Fedhas
Gozag
Hepliaklqana
Kikubaaqudgha
Makhleb
Nemelex Xobeh
Okawaru
Qazlal
Ru
Sif Muna
Trog
Uskayaw
Vehumet
Wu Jian
Xom
Yredelemnul
Zin
The Shining One
Beogh

Shops:
D:5 ?[   D:6 ?   D:9 !

Annotations:
D:4 3 runed translucent doors, TheNamelessOne's ghost, novice FoFi


Message History

You closely miss the skeletal warrior.
Your +2 spectral war axe hits the skeletal warrior.
You hit the skeletal warrior but do no damage.
The skeletal warrior is lightly damaged.
Your +2 spectral war axe closely misses the skeletal warrior.
The skeletal warrior barely misses you.
You hit the skeletal warrior but do no damage.
The skeletal warrior is lightly damaged.
Your +2 spectral war axe hits the skeletal warrior but does no damage.
You block the skeletal warrior's attack.
You closely miss the skeletal warrior.
The skeletal warrior is lightly damaged.
Your +2 spectral war axe hits the skeletal warrior.
You hit the skeletal warrior but do no damage.
The skeletal warrior is lightly damaged.
Your +2 spectral war axe hits the skeletal warrior but does no damage.
The skeletal warrior hits you with a +3 glaive of protection!
You hit the skeletal warrior.
The skeletal warrior is lightly damaged.
Your +2 spectral war axe hits the skeletal warrior but does no damage.
The skeletal warrior hits you with a +3 glaive of protection!!
You can now deal lightning-fast blows.
You can no longer enter into single combat with a foe.
Okawaru will no longer gift you equipment.
The skeletal warrior hits you with a +3 glaive of protection!!
* * * LOW HITPOINT WARNING * * *
You feel much better.
The skeletal warrior hits you with a +3 glaive of protection!
* * * LOW HITPOINT WARNING * * *
You feel much better.
The skeletal warrior hits you with a +3 glaive of protection!!
* * * LOW HITPOINT WARNING * * *
You barely miss the skeletal warrior.
The skeletal warrior is lightly damaged.
Your +2 spectral war axe hits the skeletal warrior!
You slash the skeletal warrior!
The skeletal warrior is heavily damaged.
Your +2 spectral war axe hits the skeletal warrior.
The skeletal warrior hits you with a +3 glaive of protection!
You die...

#..##.##...... #..#...
....# #..#..###...# ##.
#.#........# ##..
#.....###..# ##...
#.....#....#
#....#+##.....#.#......#
#.....)#)z(..#.#.#....#
####.....'.#@..#.###......
.....z..)###)>.....#...#..
######.)).......#.# ..# .
#.##########.# ..# .[.#
#+# .. .....# .......#
.......+ ...$...#


You could see a skeletal warrior and a friendly +2 spectral war axe (summoned).

Vanquished Creatures
  A boulder beetle (D:11)
  A centaur warrior (D:13)
  A skeletal warrior (D:13)
  Pikel (D:9)
  A necromancer (D:9)
  A gargoyle (D:10)
  Psyche (D:10)
  3 kobold demonologists
  2 trolls
  Grinder (D:3)
  9 yaks
  2 shadows
  A wyvern (D:9)
  A steam dragon (D:9)
  Edmund (D:5)
  2 wargs (D:9)
  2 acid dragons
  3 water moccasins
  2 sky beasts
  2 ice beasts
  4 orc warriors
  2 necrophages
  7 centaurs
  A lemure (D:9)
  2 phantoms
  Blork the orc (D:4)
  5 bullfrogs
  A kobold brigand (D:9)
  A scorpion (D:5)
  A wyvern skeleton (D:5)
  A killer bee (D:10)
  4 wights (D:8)
  A howler monkey (D:9)
  A bullfrog zombie (D:6)
  7 centaur zombies
  A jelly (D:4)
  2 hounds
  3 orc priests
  A bullfrog skeleton (D:5)
  5 centaur skeletons
  2 iguanas
  Natasha (thrice) (D:2)
  12 orc wizards
  2 yak simulacra (D:9)
  3 wolf simulacra (D:9)
  A howler monkey zombie (D:9)
  5 adders
  3 gnolls (D:6)
  A shadow imp (D:6)
  An ufetubus (D:6)
  A worm (D:2)
  2 dart slugs (D:3)
  40 orcs
  11 ball pythons
  4 bats
  4 endoplasms
  5 giant cockroaches
  4 goblins
  12 hobgoblins
  4 jackals
  4 quokkas
  3 frilled lizards
  17 kobolds
  6 rats
  6 river rat simulacra (D:9)
245 creatures vanquished.

Vanquished Creatures (others)
  5 plants
5 creatures vanquished.

Grand Total: 250 creatures vanquished

Notes
Turn   | Place    | Note
-------+----------+-------------------------------------------
     0 | D:1      | mcbry74 the Hill Orc Fighter began the quest for the Orb.
     0 | D:1      | Reached XP level 1. HP: 19/19 MP: 1/1
    44 | D:1      | Reached skill level 3 in Axes
   173 | D:1      | Reached XP level 2. HP: 22/26 MP: 2/2
   263 | D:1      | Reached skill level 4 in Axes
   525 | D:1      | Reached XP level 3. HP: 26/31 MP: 3/3
   959 | D:2      | Noticed Natasha
   973 | D:2      | Killed Natasha
   974 | D:2      | Reached skill level 5 in Axes
   974 | D:2      | Reached XP level 4. HP: 4/39 MP: 4/4
  1378 | D:2      | Noticed Natasha
  1397 | D:2      | Killed Natasha
  1398 | D:2      | Reached skill level 6 in Axes
  1674 | D:2      | Noticed Natasha
  1787 | D:2      | Killed Natasha
  1788 | D:2      | Reached XP level 5. HP: 41/45 MP: 5/5
  1985 | D:3      | Found Zin's Purification Station.
  1987 | D:3      | Found a glowing silver altar of Zin.
  2003 | D:3      | Bought a potion of curing for 90 gold pieces
  2054 | D:3      | Found a snail-covered altar of Cheibriados.
  2182 | D:3      | Reached skill level 7 in Axes
  2193 | D:3      | Noticed Grinder
  2416 | D:3      | Killed Grinder
  2417 | D:3      | Reached skill level 9 in Axes
  2417 | D:3      | Reached XP level 6. HP: 30/51 MP: 6/6
  3112 | D:4      | Found a runed translucent gate.
  3113 | D:4      | Found a runed translucent gate.
  3114 | D:4      | Found a runed translucent gate.
  3118 | D:4      | Found a roughly hewn altar of Beogh.
  3119 | D:4      | Noticed TheNamelessOne's ghost (novice FoFi)
  3202 | D:4      | Reached XP level 7. HP: 16/57 MP: 7/7
  3830 | D:4      | Noticed Blork the orc
  3841 | D:4      | Killed Blork the orc
  3842 | D:4      | Reached skill level 10 in Axes
  4519 | D:5      | Entered Level 5 of the Dungeon
  4519 | D:5      | Found Renekkung's Magic Scroll Boutique.
  4569 | D:5      | Reached skill level 11 in Axes
  4607 | D:5      | Found Romostrig's Antique Armour Shoppe.
  4630 | D:5      | Reached XP level 8. HP: 63/64 MP: 8/8
  4710 | D:5      | Reached skill level 12 in Axes
  5257 | D:5      | Noticed Edmund
  5274 | D:5      | Killed Edmund
  5275 | D:5      | Reached skill level 13 in Axes
  5804 | D:6      | Reached skill level 14 in Axes
  5970 | D:6      | Reached XP level 9. HP: 44/70 MP: 9/9
  6123 | D:6      | Found a hide-covered altar of Uskayaw.
  6276 | D:6      | Found Otuymoc's Magic Scroll Shop.
  6283 | D:6      | Bought a scroll of magic mapping for 45 gold pieces
  6388 | D:6      | Reached skill level 15 in Axes
  6431 | D:6      | Found a sacrificial altar of Ru.
  6754 | D:7      | Found a blossoming altar of Fedhas.
  6940 | D:7      | Found a radiant altar of Vehumet.
  6940 | D:7      | Found a shimmering altar of Xom.
  7113 | D:7      | Found a staircase to the Ecumenical Temple.
  7157 | D:7      | HP: 3/70 [orc warrior (10)]
  7159 | D:7      | Reached skill level 16 in Axes
  7590 | Temple   | Entered the Ecumenical Temple
  7698 | Temple   | Became a worshipper of Warmaster Okawaru
  8075 | D:8      | Reached skill level 1 in Throwing
  8075 | D:8      | Reached skill level 1 in Dodging
  8328 | D:8      | Found a shadowy altar of Dithmenos.
  8423 | D:8      | Reached * piety under Okawaru
  8490 | D:8      | Reached XP level 10. HP: 80/80 MP: 10/10
  8500 | D:8      | Found a white marble altar of Elyvilon.
  8502 | D:8      | Found an ancient bone altar of Kikubaaqudgha.
  9309 | D:8      | Reached skill level 5 in Fighting
 10194 | D:9      | Reached skill level 5 in Shields
 10202 | D:9      | Reached ** piety under Okawaru
 10203 | D:9      | Reached skill level 5 in Armour
 10671 | D:9      | Reached skill level 1 in Invocations
 10846 | D:9      | Reached *** piety under Okawaru
 10855 | D:9      | Found a staircase to the Lair.
 11042 | D:9      | Noticed a necromancer
 11064 | D:9      | Killed a necromancer
 11215 | D:9      | Received a gift from Okawaru
 11578 | D:9      | Noticed Pikel
 11585 | D:9      | Killed Pikel
 11586 | D:9      | Reached XP level 11. HP: 91/91 MP: 9/13
 11760 | D:9      | Found Afriy's Distillery.
 11987 | D:10     | Entered Level 10 of the Dungeon
 12193 | D:10     | Noticed a sun demon
 12199 | D:10     | Reached **** piety under Okawaru
 12341 | D:10     | Noticed Psyche
 12411 | D:10     | Killed Psyche
 12460 | D:10     | Found a staircase to the Orcish Mines.
 12561 | D:10     | Identified the +5 short sword "Glorpo" {flame, rC- Will++
                  | rCorr Str+2}
 12935 | Lair:1   | Entered Level 1 of the Lair of Beasts
 12976 | D:11     | Noticed a boulder beetle
 12986 | D:11     | Killed a boulder beetle
 12987 | D:11     | Reached skill level 5 in Invocations
 13054 | D:11     | You fall into a shaft and drop 3 floors!
 13066 | D:14     | Noticed a cyclops
 13116 | D:13     | Noticed a skeletal warrior
 13116 | D:13     | Noticed a centaur warrior
 13137 | D:13     | Killed a centaur warrior
 13138 | D:13     | Reached skill level 5 in Throwing
 13150 | D:13     | Killed a skeletal warrior
 13176 | D:13     | Reached ***** piety under Okawaru
 13211 | D:13     | Noticed a skeletal warrior
 13235 | D:13     | Slain by a skeletal warrior

Illustrated notes

Levels and vault maps discovered:
D:1:      lightli_arrival_flooded_house, layout_basic, serial_bayou_lagoon_a
D:2:      layout_rooms, dk_noncrumbling_4, st_stairs_13,
          amcnicky_mini_corridor_feature, uniq_natasha
D:3:      layout_loops_cross, zin_purify, kennysheep_slug_shrine,
          grunt_ministairs_15, wad_rectangle_vault, uniq_grinder
D:4:      layout_loops_cross, biasface_ghost_orc_armoury, minmay_misc_feat_iff,
          uniq_blork_the_orc
D:5:      layout_basic, serial_shops, nicolae_stop_n_shop_1,
          nicolae_shop_behind_doors, uniq_edmund
D:6:      layout_basic, mainiacjoe_overflow_brackets, lemuel_crystal_altar,
          serial_shops, kennysheep_mini_moat
D:7:      layout_loops_cross, fedhas_altar_3, gammafunk_temple_overflow_pools,
          minmay_temple_entry_large_hall, st_stairs_2
D:8:      layout_layer_cave, nicolae_overflow_hidden_temple,
          nicolae_dithmenos_shadow_blocks
D:9:      layout_long_grid, erik_lair_orcish_takeover, serial_shops,
          nicolae_shop_competitors_out_of_business, minmay_misc_feat_square,
          grunt_ministairs_13, eino_house_with_fridge, uniq_pikel
D:10:     kennysheep_blocky_hall, layout_small_grid, orc_0_dummy, uniq_psyche
D:11:     layout_loops_ring, minmay_misc_feat_nine_boxes, hangedman_incinerator
D:13:     layout_basic, nicolae_straight_to_the_point
D:14:     layout_rooms, erik_vaults_2, serial_co_window_serial,
          co_window_of_opportunity_a, co_window_paths_b, co_window_corner_a,
          co_window_of_opportunity_a, co_window_corner_a, co_window_corner_ca,
          co_window_of_opportunity_b, co_window_cross_3, co_window_corner_b,
          co_window_cross_2, co_window_unsneaky_path_e, glass_columns_a,
          glass_columns_b, glass_columns_b, glass_columns_a, glass_columns_c,
          uniq_frances
Temple:   minmay_temple_bridge_abc
Lair:1:   gammafunk_boulding_lane, layout_layer_cave, worms_lemuel,
          serial_bayou_shore_a

Skill      XL: |  1  2  3  4  5  6  7  8  9 10 11 |
---------------+----------------------------------+-----
Axes           | 3 4 5 6 9 11 14 16 | 16.0
Fighting       | 4 6 7 |  7.9
Throwing       | 2 4 5 |  5.2
Dodging        | 1 3 4 |  4.7
Shields        | 4 6 7 |  7.2
Armour         | 4 6 7 |  7.1
Invocations    | 3 5 |  5.6

Action                   |  1- 3 |  4- 6 |  7- 9 | 10-12 || total
-------------------------+-------+-------+-------+-------++-------
Melee: War axe           |    80 |   165 |   330 |   304 ||   879
       Unarmed           |       |       |       |     3 ||     3
Throw: Dart              |       |       |     5 |     4 ||     9
       Boomerang         |       |       |       |    22 ||    22
Invok: Heroism           |       |       |       |     2 ||     2
       Finesse           |       |       |       |     2 ||     2
Evoke: Wand              |       |       |       |     1 ||     1
  Use: Scroll            |     1 |     7 |     2 |     9 ||    19
       Potion            |     1 |     1 |     1 |     4 ||     7
Armor: Scale mail        |    37 |    60 |   106 |    67 ||   270
       Skin              |       |       |     5 |     3 ||     8
       Troll leather arm |       |       |       |    13 ||    13
Dodge: Dodged            |    39 |    56 |    87 |    92 ||   274
Block: Buckler           |    18 |    31 |    58 |    46 ||   153

Table legend: (Time is in decaauts)
 A = Elapsed time spent in this place.
 B = Non-inter-level travel time spent in this place.
 C = Inter-level travel time spent in this place.
 D = Time resting spent in this place.
 E = Time spent auto-exploring this place.
 F = Levels seen in this place.
 G = Mean time per level.
                   A        B        C        D        E       F      G
               +--------+--------+--------+--------+--------+-----+--------+
         Total |  13148 |  12857 |    291 |   4526 |   6056 |  15 |  876.5 |
       Dungeon |  13036 |  12765 |    271 |   4526 |   6024 |  13 | 1002.8 |
        Temple |    110 |     90 |     20 |      0 |     32 |   1 |  110.0 |
          Lair |      1 |      1 |      0 |      0 |      0 |   1 |    1.0 |
               +--------+--------+--------+--------+--------+-----+--------+

Top non-repeatable levels by time:
     D:9: 1955 daAuts
     D:8: 1803 daAuts
     D:7: 1557 daAuts
     D:4: 1412 daAuts
     D:3: 1098 daAuts
     D:1: 1054 daAuts
     D:6: 1035 daAuts
     D:2: 1022 daAuts
     D:5: 966 daAuts
    D:10: 893 daAuts
    D:13: 146 daAuts
  Temple: 110 daAuts
    D:11: 75 daAuts
    D:14: 14 daAuts
  Lair:1: 1 daAuts
